 Dungeon Crawl Stone Soup version 0.28-a0-1613-gdaab1c2f9b (webtiles) character file.

Game seed: 18022282886274533975

92 murtidash the Magician (level 4, -5/35 HPs)
             Began as a Djinni Cinder Acolyte on Jan 21, 2022.
             Was a High Priest of Ignis.
             Slain by Grinder (7 damage)
             ... while paralysed by Grinder
             ... on level 3 of the Dungeon.
             The game lasted 00:03:45 (3665 turns).

murtidash the Magician (Djinni Cinder Acolyte)      Turns: 3665, Time: 00:03:46

Health: -5/35      AC:  2    Str: 13    XL:     4   Next: 90%
Gold:   49         EV:  2    Int: 17    God:    Ignis [*****.] SH:  0 Dex:  9

rFire   + + +      SeeInvis .   f - +1 long sword (drain)
rCold   x . .      Faith    .   (no shield)
rNeg    . . .      Spirit   .   b - +0 robe
rPois   ∞          Reflect  .   (no helmet)
rElec   .          Harm     .   (no cloak)
rCorr   .          Rampage  .   (no gloves)
Will    .....                   (boots unavailable)
Stlth   +.........              (no amulet)
HPRegen 0.11/turn               (no ring)
MPRegen 0.00/turn               (no ring)

@: paralysed, flying
A: sickness immunity, fire resistance 2, cold vulnerability 1, float, innate
caster, hp casting, extra vitality 1
a: Renounce Religion, Fiery Armour, Foxfire Swarm, Rising Flame


You were on level 3 of the Dungeon.
You worshipped Ignis.
Ignis was extremely pleased with you.
You visited 1 branch of the dungeon, and saw 3 of its levels.

You collected 49 gold pieces.

Inventory:

Hand Weapons
 a - a -1 falchion of flaming
 e - a +1 dagger of speed
   (You took it off a goblin on level 1 of the Dungeon)
 f - a +1 long sword of draining (weapon)
   (You found it on level 1 of the Dungeon)
Armour
 b - a +0 robe (worn)
Magical Staves
 k - a staff of cold {rC+}
   (You found it on level 3 of the Dungeon)
Scrolls
 c - a scroll of teleportation {unknown}
 d - a scroll of enchant weapon {unknown}
 h - 3 scrolls of acquirement {unknown}
 i - 2 scrolls of identify {unknown}
Potions
 g - 2 potions of magic {unknown}
 j - a potion of might {unknown}


   Skills:
 - Level 3.0 Fighting
 - Level 2.6 Long Blades
 + Level 4.1 Spellcasting


You had 8 spell levels left.
You knew the following spells:

 Your Spells              Type           Power      Damage    Failure   Level
a - Scorch                Fire           34%        2d6       4%          2
g - Apportation           Tloc           34%        N/A       3%          1
Your spell library was empty.

Dungeon Overview and Level Annotations

Branches:
Dungeon (3/15)

Altars:

Annotations:
D:3 Grinder


Innate Abilities, Weirdness & Mutations

You are immune to sickness and miasma.
You are immune to poison.
Your flesh is very heat resistant. (rF++)
You are vulnerable to cold. (rC-)
You float through the air rather than walking.
You learn spells naturally, not from books.
Your magical power is your life essence.
You have superior vitality. (+4 MHP)


Message History

The bat closely misses you. The bat hits you but does no damage.
The quokka bites you. The bat barely misses you.
You take 3 damage, and have 27/35 hp.
The bat hits you.
You take 1 damage, and have 26/35 hp.
The bat barely misses you. The bat hits you but does no damage.
The bat barely misses you. The bat hits you.
You take 1 damage, and have 25/35 hp.
The bat misses you. The bat closely misses you. The bat hits you.
The bat barely misses you. The bat hits you. The bat closely misses you.
You take 1 damage, and have 24/35 hp.
The bat barely misses you.
There is a stone staircase leading up here.
The bat hits you but does no damage. The quokka closely misses you.
You fly upwards.
There is a stone staircase leading down here.
Flames lash the bat.
You kill the bat!
The quokka barely misses you.
You take 2 damage, and have 22/35 hp.
Flames lash the quokka.
You kill the quokka!
You take 2 damage, and have 20/35 hp.
You can't see any susceptible monsters within range! (Use Z to cast anyway.)
You can't see any susceptible monsters within range! (Use Z to cast anyway.)
You start resting.
Health restored: 35 You fly downwards.
Level annotation: Grinder The giant cockroach barely misses you.
The giant cockroach bites you.
There is a stone staircase leading up here.
You take 1 damage, and have 34/35 hp.
The giant cockroach bites you.
You fly upwards.
There is a stone staircase leading down here.
You take 2 damage, and have 32/35 hp.
Flames lash the giant cockroach.
The giant cockroach's fire resistance burns away.
The giant cockroach bites you but does no damage.
The giant cockroach barely misses you.
You take 2 damage, and have 30/35 hp.
Flames lash the giant cockroach.
The giant cockroach is burned terribly!
You kill the giant cockroach!
You take 2 damage, and have 28/35 hp.
You can't see any susceptible monsters within range! (Use Z to cast anyway.)
You start resting.
Health restored: 35 You fly downwards.
Level annotation: Grinder The goblin hits you but does no damage.
The goblin closely misses you.
There is a stone staircase leading up here.
Grinder blinks!
The kobold throws a poisoned dart.
The poisoned dart barely misses you. The goblin barely misses you.
You fly upwards.
There is a stone staircase leading down here.
Flames lash the goblin.
The goblin's fire resistance burns away.
The goblin hits you with a +0 club.
You take 6 damage, and have 29/35 hp.
Flames lash the goblin.
The goblin is burned terribly!
You kill the goblin!
You take 2 damage, and have 27/35 hp.
You can't see any susceptible monsters within range! (Use Z to cast anyway.)
You start resting.
Health restored: 35 You fly downwards.
Level annotation: Grinder Grinder gestures at you.
Pain shoots through your body!
There is a stone staircase leading up here.
You take 4 damage, and have 31/35 hp.
The kobold hits you with a +0 whip.
You fly upwards.
There is a stone staircase leading down here.
You take 3 damage, and have 28/35 hp.
Flames lash the kobold.
You kill the kobold!
You take 2 damage, and have 26/35 hp.
You can't see any susceptible monsters within range! (Use Z to cast anyway.)
You can't see any susceptible monsters within range! (Use Z to cast anyway.)
You start resting.
Health restored: 35 You fly downwards.
Level annotation: Grinder Grinder gestures at you.
You suddenly lose the ability to move!
Grinder hits you but does no damage. Grinder hits you.
You writhe in agony.
Grinder hits you!
You writhe in agony.
* * * LOW HITPOINT WARNING * * *
Grinder hits you!
* * * LOW HITPOINT WARNING * * *
Grinder hits you!
You die...

####(.##
##......... #....##
#....#####.##
#.##..# #.#### #§..
... ##.## #..# )...
###
#..#######.#####
##.#
#..............[ .#
#............... ..
##.........#....#
........5@..<.....#
####.........#....#
#.(.......#....#
########### ..>#
..# ###


You could see Grinder.

Vanquished Creatures
  2 adders (D:2)
  A worm (D:2)
  2 dart slugs (D:2)
  An orc (D:3)
  2 ball pythons (D:2)
  6 endoplasms
  A giant cockroach (D:2)
  5 goblins
  4 hobgoblins
  10 jackals
  5 quokkas
  10 bats
  A frilled lizard (D:2)
  6 kobolds
56 creatures vanquished.

Notes
Turn   | Place    | Note
-------+----------+-------------------------------------------
     0 | D:1      | murtidash the Djinni Cinder Acolyte began the quest for the
                  | Orb.
     0 | D:1      | Reached XP level 1. HP: 20/20 MP: 0/0
   453 | D:1      | Reached XP level 2. HP: 14/25 MP: 0/0
   644 | D:1      | Reached skill level 3 in Spellcasting
   991 | D:1      | Reached XP level 3. HP: 6/30 MP: 0/0
   991 | D:1      | Learned a level 1 spell: Apportation
  2195 | D:2      | Found a faded altar of an unknown god.
  2228 | D:2      | Reached XP level 4. HP: 33/35 MP: 0/0
  2942 | D:2      | Reached skill level 4 in Spellcasting
  3261 | D:3      | Noticed Grinder
  3263 | D:3      | Paralysed by Grinder for 2 turns
  3659 | D:3      | Paralysed by Grinder for 7 turns
  3664 | D:3      | HP: 2/35 [Grinder (7)]
  3665 | D:3      | Slain by Grinder

Illustrated notes

Levels and vault maps discovered:
D:1:      wheals_arrival_shading, layout_loops_ring,
          hangedman_abyss_or_decor_stabs, minmay_stone_trees_medium
D:2:      layout_basic, basic_ecumenical_altar
D:3:      layout_rooms, gammafunk_ghost_arena, uniq_grinder

Skill      XL: |  1  2  3  4 |
---------------+-------------+-----
Spellcasting   | 3 4 |  4.1
Fighting       | |  3.0
Long Blades    | |  2.6

Action                   |  1- 3 |  4- 6 || total
-------------------------+-------+-------++-------
Melee: Falchion          |    39 |       ||    39
       Long sword        |    25 |    57 ||    82
       Punch             |       |     2 ||     2
 Cast: Scorch            |    19 |    17 ||    36
Armor: Robe              |    25 |    38 ||    63
Dodge: Dodged            |    62 |    84 ||   146

Table legend: (Time is in decaauts)
 A = Elapsed time spent in this place.
 B = Non-inter-level travel time spent in this place.
 C = Inter-level travel time spent in this place.
 D = Time resting spent in this place.
 E = Time spent auto-exploring this place.
 F = Levels seen in this place.
 G = Mean time per level.
                   A        B        C        D        E       F      G
               +--------+--------+--------+--------+--------+-----+--------+
         Total |   3696 |   3637 |     59 |    327 |   2876 |   3 | 1232.0 |
       Dungeon |   3696 |   3637 |     59 |    327 |   2876 |   3 | 1232.0 |
               +--------+--------+--------+--------+--------+-----+--------+

Top non-repeatable levels by time:
     D:1: 1994 daAuts
     D:2: 1495 daAuts
     D:3: 207 daAuts

Table legend:
 A = Kills in this place as a percentage of kills in entire the game.
 B = Kills by you in this place as a percentage of kills by you in the entire game.
 C = Kills by friends in this place as a percentage of kills by friends in the entire game.
 D = Other kills in this place as a percentage of other kills in the entire game.
 E = Experience gained in this place as a percentage of experience gained in the entire game.
 F = Experience gained in this place divided by the number of levels of this place that you have seen.
                   A       B       C       D       E      F
               +-------+-------+-------+-------+-------+----------------------
         Total | 100.0 | 100.0 |   N/A |   N/A | 100.0 |  44.0
       Dungeon | 100.0 | 100.0 |   N/A |   N/A | 100.0 |  44.0
               +-------+-------+-------+-------+-------+----------------------
